 Dungeon Crawl Stone Soup version 0.29.0-4-gdea44cf6ec (webtiles) character file.

Game seed: 18334588690879889584

156 qw the Chopper (level 5, -8/30 HPs)
             Began as a Tengu Warper on Aug 28, 2022.
             Was an Initiate of Okawaru.
             Mangled by a gnoll
             ... wielding a +0 whip of electrocution
              (14 damage)
             ... on level 4 of the Dungeon.
             The game lasted 00:00:21 (4239 turns).

qw the Chopper (Tengu Warper)                       Turns: 4239, Time: 00:00:21

Health: -8/30      AC:  8    Str: 13    XL:     5   Next: 38%
Magic:  9/9        EV:  3    Int: 13    God:    Okawaru [......]
Gold:   166        SH:  0    Dex: 14    Spells: 8/8 levels left

rFire   . . .      SeeInvis .   Y - +2 hand axe
rCold   . . .      Faith    .   l - +0 kite shield
rNeg    + . .      Spirit   .   c - +0 chain mail
rPois   +          Reflect  .   (helmet restricted)
rElec   .          Harm     .   (no cloak)
rCorr   .          Rampage  .   (no gloves)
Will    .....                   (boots unavailable)
Stlth   ..........              (no amulet)
HPRegen 0.10/turn               i - ring of positive energy
MPRegen 0.11/turn               m - ring of poison resistance

@: flying quickly and evasively, held, quick
A: beak, talons 3, nimble flight
a: Renounce Religion


You were on level 4 of the Dungeon.
You worshipped Okawaru.
Okawaru was noncommittal.
You visited 2 branches of the dungeon, and saw 5 of its levels.

You collected 166 gold pieces.


Innate Abilities, Weirdness & Mutations

You have a beak for a mouth.
You have claws for feet.
Your magical nature lets you fly swiftly and evasively.


   Skills:
 - Level 2.0 Fighting
 + Level 4.4 Axes
 - Level 1.0 Throwing
 - Level 1.1 Armour
 - Level 2.1 Dodging
 - Level 3.3 Shields
 - Level 2.0 Spellcasting
 - Level 2.4 Translocations


You had 8 spell levels left.
You didn't know any spells.
Your spell library contained the following spells:

 Spells                   Type           Power      Damage    Failure   Level
 Blink                    Tloc           14%        N/A       100%        2
 Gell's Gravitas          Tloc           7%         N/A       100%        3
 Lesser Beckoning         Tloc           7%         N/A       100%        3
 Teleport Other           Tloc           7%         N/A       100%        3
 Manifold Assault         Tloc           7%         N/A       100%        5

Inventory:

Hand Weapons
 a - a +0 flail
 Y - a +2 hand axe (weapon)
Armour
 c - a +0 chain mail (worn)
 l - a +0 kite shield (worn)
Jewellery
 i - a ring of positive energy (left hand)
 m - a ring of poison resistance (right hand)
Scrolls
 g - a scroll of identify
 j - 2 scrolls of teleportation
Potions
 b - a potion of resistance
 e - a potion of cancellation
 f - 2 potions of mutation
 k - 3 potions of curing

Dungeon Overview and Level Annotations

Branches:
Dungeon (4/15)             Temple (1/1) D:4

Altars:
Elyvilon
Fedhas
Gozag
Hepliaklqana
Makhleb
Nemelex Xobeh
Okawaru
Qazlal
Ru
Trog
Uskayaw
Vehumet
Zin
The Shining One


Message History

The gnoll shouts!
You hear a shout!
There is a staircase to the Ecumenical Temple here.
A gnoll is nearby!
A gnoll comes into view. It is wielding a +0 halberd.
The gnoll shouts!
You hear a shout!
A gnoll comes into view. It is wielding a +0 flail.
The gnoll shouts!
You barely miss the gnoll. You claw the gnoll, but do no damage.
You peck the gnoll.
The gnoll is lightly wounded.
You block the gnoll's attack.
A gnoll comes into view. It is wielding a +0 spear.
You block the gnoll's attack.
The gnoll moves out of view.
You hit the gnoll.
The gnoll is heavily wounded.
A kobold comes into view. It is wielding a +0 dagger.
The gnoll barely misses you.
The gnoll shouts!
The kobold shouts!
You hit the gnoll.
The gnoll is heavily wounded.
An endoplasm comes into view.
You block the gnoll's attack.
The gnoll throws a throwing net.
You block the throwing net.
You barely miss the gnoll. Your kick misses the gnoll.
The gnoll is heavily wounded.
The gnoll hits you but does no damage.
The endoplasm jiggles.
The gnoll throws a throwing net.
The throwing net hits you.
You become entangled in the net!
The gnoll barely misses you.
The gnoll hits you from afar with a +0 halberd.
You struggle against the net.
The gnoll hits you but does no damage.
You are electrocuted!
The gnoll barely misses you.
You struggle against the net.
The gnoll hits you but does no damage. The gnoll barely misses you.
The gnoll hits you from afar with a +0 halberd!
You struggle against the net.
The gnoll hits you with a +0 whip of electrocution.
You are electrocuted!
You die...

#. ....# ##..
....# ....#
...... ....#
.J.... .....##
#.... #...##.gg#
##.$..gK.#
##...}.@g.#
..#.......#......
.....}.>.}# ....#
...##.....# ##..
#... # #..}..#.##
# ......
#..#........#
.....
#....%###....
...#
##..#...####.
#...## #..##!.##


You could see 4 gnolls, an endoplasm and a kobold.

Vanquished Creatures
  An iguana (D:4)
  Natasha (D:2)
  2 adders (D:4)
  5 dart slugs
  5 orcs (D:3)
  7 ball pythons
  9 endoplasms
  3 giant cockroaches
  4 goblins
  8 hobgoblins
  4 jackals (D:4)
  3 quokkas
  4 bats
  4 frilled lizards (D:2)
  3 kobolds
  3 rats
  A spectral hobgoblin (D:2)
67 creatures vanquished.

Notes
Turn   | Place    | Note
-------+----------+-------------------------------------------
     0 | D:1      | qw the Tengu Warper began the quest for the Orb.
     0 | D:1      | Reached XP level 1. HP: 12/12 MP: 4/4
     0 | D:1      | 0 ||| qw: Version: 0.1-a-89-g26bdef1
     0 | D:1      | 0 ||| qw: Game counter: 3220
     0 | D:1      | 0 ||| qw: Always use a shield: true
     0 | D:1      | 0 ||| qw: God list: Okawaru
     0 | D:1      | 0 ||| qw: Allow faded altars: false
     0 | D:1      | 0 ||| qw: Do Orc after D:15 true
     0 | D:1      | 0 ||| qw: Do second Lair branch before Depths: true
     0 | D:1      | 0 ||| qw: Lair rune preference: random
     0 | D:1      | 0 ||| qw: Plans: Normal
     0 | D:1      | 0 ||| PLANNING D:1-11
   305 | D:1      | Reached XP level 2. HP: 17/17 MP: 6/6
   329 | D:1      | Reached skill level 3 in Axes
  1266 | D:1      | 1266 ||| UPGRADING to +0 ring mail.
  1276 | D:1      | 1276 ||| DROPPING +0 leather armour.
  1277 | D:1      | 1277 ||| UPGRADING to +0 kite shield.
  1282 | D:1      | 1282 ||| READING scroll labelled EDITUA ICSY.
  1283 | D:1      | 1283 ||| READING 2 scrolls labelled ITWO SUCSENOG.
  1384 | D:1      | 1384 ||| READING scroll labelled GICUOWNUSKYU.
  1385 | D:1      | 1385 ||| READING scroll labelled GIBIOGUDUER.
  1386 | D:1      | 1386 ||| READING 2 scrolls labelled PYSALI XEIXIT.
  1389 | D:1      | 1389 ||| DROPPING scroll of blinking.
  1390 | D:1      | 1390 ||| DROPPING scroll of silence.
  1625 | D:2      | Reached XP level 3. HP: 21/21 MP: 7/7
  1776 | D:2      | 1776 ||| Stepping ~*~*~tactically~*~*~ (stealth).
  1781 | D:2      | Reached skill level 1 in Shields
  1781 | D:2      | 1781 ||| FLEEEEING.
  1783 | D:2      | 1783 ||| FLEEEEING.
  1784 | D:2      | 1784 ||| FLEEEEING.
  1785 | D:2      | 1785 ||| FLEEEEING.
  1786 | D:2      | 1786 ||| FLEEEEING.
  1787 | D:2      | 1787 ||| FLEEEEING.
  1788 | D:2      | 1788 ||| FLEEEEING.
  1790 | D:2      | 1790 ||| FLEEEEING.
  1791 | D:2      | 1791 ||| FLEEEEING.
  1792 | D:2      | 1792 ||| FLEEEEING.
  1793 | D:2      | 1793 ||| FLEEEEING.
  1842 | D:2      | Found a faded altar of an unknown god.
  2344 | D:2      | Noticed Natasha
  2345 | D:2      | 2345 ||| Stepping ~*~*~tactically~*~*~ (hiding).
  2354 | D:2      | Killed Natasha
  2355 | D:2      | Reached XP level 4. HP: 18/26 MP: 8/8
  2650 | D:2      | 2650 ||| UPGRADING to +0 chain mail.
  2660 | D:2      | 2660 ||| DROPPING +0 ring mail.
  2661 | D:2      | 2661 ||| READING scroll labelled QILONTISUO.
  2662 | D:2      | 2662 ||| READING scroll labelled YNILLOALOI.
  2663 | D:2      | 2663 ||| READING scroll labelled LEFYQI NAUBRI.
  2664 | D:2      | 2664 ||| DRINKING 2 bubbling amethyst potions.
  2665 | D:2      | 2665 ||| READING 3 scrolls of identify.
  2665 | D:2      | 2665 ||| IDENTIFYING blue potion
  2666 | D:2      | 2666 ||| DROPPING potion of flight.
  2710 | D:3      | 2710 ||| DROPPING +0 mace.
  2711 | D:3      | 2711 ||| READING scroll of enchant weapon.
  2711 | D:3      | 2711 ||| ENCHANTING +1 hand axe.
  2838 | D:3      | 2838 ||| Stepping ~*~*~tactically~*~*~ (hiding).
  2983 | D:3      | 2983 ||| Stepping ~*~*~tactically~*~*~ (stealth).
  3169 | D:3      | Reached skill level 4 in Axes
  3444 | D:3      | 3444 ||| DROPPING +1 whip of electrocution.
  3495 | D:3      | 3495 ||| Stepping ~*~*~tactically~*~*~ (stealth).
  3742 | D:3      | 3742 ||| UPGRADING to amulet of guardian spirit.
  3747 | D:3      | 3747 ||| UPGRADING to ring of positive energy.
  3748 | D:3      | 3748 ||| UPGRADING to ring of poison resistance.
  3749 | D:3      | 3749 ||| READING scroll labelled BEOMEHAOVECO.
  3750 | D:3      | 3750 ||| READING 5 scrolls of identify.
  3750 | D:3      | 3750 ||| IDENTIFYING fuming ruby potion
  3751 | D:3      | 3751 ||| READING 4 scrolls of identify.
  3751 | D:3      | 3751 ||| IDENTIFYING black potion
  3752 | D:3      | 3752 ||| READING 3 scrolls of identify.
  3752 | D:3      | 3752 ||| IDENTIFYING lumpy blue potion
  3806 | D:4      | 3806 ||| Stepping ~*~*~tactically~*~*~ (stealth).
  3807 | D:4      | 3807 ||| Stepping ~*~*~tactically~*~*~ (stealth).
  3816 | D:4      | Reached skill level 3 in Shields
  3816 | D:4      | Gained mutation: Your magical nature lets you fly swiftly
                  | and evasively. [Tengu growth]
  3816 | D:4      | Reached XP level 5. HP: 19/30 MP: 6/9
  3822 | D:4      | 3822 ||| FLEEEEING.
  3823 | D:4      | 3823 ||| FLEEEEING.
  3824 | D:4      | 3824 ||| STAIRDANCE
  4063 | D:4      | Found a staircase to the Ecumenical Temple.
  4064 | D:4      | 4064 ||| PLANNING TEMPLE
  4064 | D:4      | 4064 ||| READING 2 scrolls of identify.
  4064 | D:4      | 4064 ||| IDENTIFYING white potion
  4065 | D:4      | 4065 ||| DROPPING potion of lignification.
  4112 | Temple   | Entered the Ecumenical Temple
  4138 | Temple   | Became a worshipper of Warmaster Okawaru
  4139 | Temple   | 4139 ||| REMOVING amulet of guardian spirit.
  4215 | Temple   | 4215 ||| PLANNING D:1-11
  4215 | Temple   | 4215 ||| DROPPING amulet of guardian spirit.
  4239 | D:4      | HP: 6/30 [gnoll/+0 whip of electrocution (3)]
  4239 | D:4      | Mangled by a gnoll

Levels and vault maps discovered:
D:1:      minmay_arrival_four_loops, layout_basic
D:2:      layout_basic, dreamdust_ecumenical_altar_drowned_temple,
          lemuel_another_geyser, uniq_natasha
D:3:      layout_loops_corners, minmay_starry_boxes
D:4:      layout_cave_pools, lemuel_doored_altar, temple_fountains
Temple:   jpeg_temple_clearing

Skill      XL: |  1  2  3  4 |
---------------+-------------+-----
Axes           | 3 4 |  4.4
Shields        | 2 3 |  3.3
Fighting       | |  2.0
Throwing       | |  1.0
Armour         | |  1.1
Dodging        | |  2.1
Spellcasting   | |  2.0
Translocations | |  2.4

Action                   |  1- 3 |  4- 6 || total
-------------------------+-------+-------++-------
Melee: Hand axe          |    76 |    85 ||   161
       Peck              |    10 |    13 ||    23
       Kick              |    13 |    29 ||    42
Throw: Boomerang         |     7 |       ||     7
  Use: Scroll            |     5 |    10 ||    15
       Potion            |       |     1 ||     1
Armor: Leather armour    |    10 |       ||    10
       Ring mail         |     7 |     3 ||    10
       Chain mail        |       |    35 ||    35
Dodge: Dodged            |    32 |    15 ||    47
Block: Kite shield       |    12 |    38 ||    50

Table legend:
 A = Non-vault XP
 B = Vault XP
 C = Vault XP percentage of total XP
 D = Non-vault monster count
 E = Vault monster count
 F = Vault count percentage of total count
                 A         B        C        D         E       F
            +---------+---------+-------+---------+---------+-------
      Total |     174 |      50 |  22.3 |      58 |       9 |  13.4
            +---------+---------+-------+---------+---------+-------
        D:1 |      30 |       0 |   0.0 |      13 |       0 |   0.0
        D:2 |      30 |      34 |  53.1 |      18 |       2 |  10.0
        D:3 |      30 |      16 |  34.8 |      14 |       7 |  33.3
        D:4 |      84 |       0 |   0.0 |      13 |       0 |   0.0
            +---------+---------+-------+---------+---------+-------
